 Dungeon Crawl Stone Soup version 0.29.1-15-g9cfb28693d (webtiles) character file.

Game seed: 4451463281714053806

29 leafyfresh the Sneak (level 3, -4/26 HPs)
             Began as an Octopode Delver on Feb 25, 2023.
             Slain by an orc
             ... wielding a +0 flail
              (8 damage)
             ... on level 4 of the Dungeon.
             The game lasted 00:00:54 (165 turns).

leafyfresh the Sneak (Octopode Delver)               Turns: 165, Time: 00:00:54

Health: -4/26      AC:  1    Str: 11    XL:     3   Next: 16%
Magic:  3/3        EV: 13    Int: 14    God:
Gold:   0          SH:  0    Dex: 13    Spells: 2/2 levels left

rFire   . . .      SeeInvis .   a - +0 short sword
rCold   . . .      Faith    .   (no shield)
rNeg    . . .      Spirit   .   (helmet restricted)
rPois   .          Reflect  .   (no amulet)
rElec   .          Harm     .   (no ring)
rCorr   .          Rampage  .   (no ring)
Will    .....                   (no ring)
Stlth   ++++......              (no ring)
HPRegen 0.08/turn               (no ring)
MPRegen 0.08/turn               (no ring)
                                (no ring)
                                (no ring)

@: no status effects
A: almost no armour, amphibious, 8 rings, camouflage 1, gelatinous body 1,
(nimble swimmer 1), tentacles
a: no special abilities


You were on level 4 of the Dungeon.
You visited 1 branch of the dungeon, and saw 2 of its levels.

Inventory:

Hand Weapons
 a - a +0 short sword (weapon)
Wands
 f - a wand of digging (3)
Scrolls
 b - a scroll of fog
 c - a scroll of magic mapping
 d - a scroll of fear
 h - a scroll of identify {unknown}
Potions
 e - a potion of haste
 g - a potion of heal wounds {unknown}


   Skills:
 + Level 3.4 Fighting
 - Level 2.0 Short Blades
 + Level 2.5 Dodging
 + Level 7.1 Stealth


You had 2 spell levels left.
You didn't know any spells.
Your spell library was empty.

Dungeon Overview and Level Annotations

Branches:
Dungeon (5/15)
 Temple: D:4-7

Altars:


Innate Abilities, Weirdness & Mutations

You cannot wear most types of armour.
You are amphibious.
You can wear up to eight rings at the same time.
Your skin changes colour to match your surroundings (Stealth+).
Your rubbery body absorbs attacks. (AC +1, EV +1)
((You are camouflaged when in or above water. (Stealth+)))
You have tentacles for arms and can constrict up to eight enemies at once.


Message History

A quokka is nearby!
An orc comes into view. It is wielding a +0 dagger.
Found a whip.
Found a stone staircase leading down.
The helpless quokka fails to defend itself.
You impale the quokka!!
You kill the quokka!
The orc shouts!
You hear a shout! x2
An orc wizard comes into view. It is wielding a +0 dagger.
An orc comes into view.
It is wielding a +0 flail and wearing a +1 leather armour of cold resistance.
An orc comes into view. It is wielding a +0 club.
The orc shouts!
You hit the orc. You grab the orc. You squeeze the orc.
You kill the orc!
The orc wizard completely misses you. The orc hits you with a +0 flail!
You see here a +0 dagger.
You barely miss the orc wizard. You grab the orc wizard.
You constrict the orc wizard.
The orc wizard hits you with a +0 dagger.
The orc completely misses you.
You are too injured to fight recklessly!
You are too injured to fight recklessly!
You are too injured to fight recklessly!
You are too injured to fight recklessly!
Unknown command.
You hit the orc wizard. You squeeze the orc wizard.
The orc wizard is heavily wounded.
You constrict the orc wizard, but do no damage.
The orc wizard barely misses you. The orc closely misses you.
The orc misses you.
You hit the orc wizard but do no damage.
The orc wizard is heavily wounded.
You constrict the orc wizard. The orc hits you with a +0 club.
The orc hits you with a +0 flail.
* * * LOW HITPOINT WARNING * * *
The orc wizard barely misses you.
You hit the orc wizard but do no damage.
The orc wizard is severely wounded.
You constrict the orc wizard. The orc wizard closely misses you.
The orc hits you with a +0 flail!
You die...

....##...###
.....+...>.
####...#....#######
#.................#
#.................#
#..)..............#
#.....o...........#
#.....o@..........#
#.....o...........#
#.................#
####+######......!#
#.#'##### #.#..##
####+##..###
#..........#
#....^.....#


You could see an orc wizard and 2 orcs.

Vanquished Creatures
  An iguana (D:5)
  An orc (D:4)
  A quokka (D:4)
3 creatures vanquished.

Notes
Turn   | Place    | Note
-------+----------+-------------------------------------------
     0 | D:5      | leafyfresh the Octopode Delver began the quest for the Orb.
     0 | D:5      | Reached XP level 1. HP: 16/16 MP: 1/1
    76 | D:5      | Noticed an iguana
    80 | D:5      | Killed an iguana
    81 | D:5      | Reached skill level 7 in Stealth
    81 | D:5      | Reached XP level 2. HP: 21/21 MP: 2/2
    81 | D:5      | Reached XP level 3. HP: 26/26 MP: 3/3
   124 | D:5      | Noticed an ogre
   165 | D:4      | Slain by an orc

Illustrated notes

Levels and vault maps discovered:
D:4:      kennysheep_goblin_castle, layout_basic, amcnicky_altar_gilded,
          nicolae_ru_awakened_eye, slow_altar_2, lemuel_doored_altar
D:5:      layout_gridville, minmay_temple_entry_stoned_glass,
          hellmonk_ghost_happy_afterlife

Skill      XL: |  1 |
---------------+----+-----
Stealth        | 7 |  7.1
Fighting       | |  3.4
Short Blades   | |  2.0
Dodging        | |  2.5

Action                   || total
-------------------------++-------
Melee: Short sword       ||     7
       Constrict         ||     2
       Tentacles         ||     2
 Stab: Sleeping          ||     2
Dodge: Dodged            ||     7
